 Dungeon Crawl Stone Soup version 0.30.0-19-g36f170ea60 (webtiles) character file.

Game seed: 5765313779718908151

31 Josd the Covert (level 3, -2/35 HPs)
             Began as a Gnoll Delver on May 31, 2023.
             Slain by a scorpion (7 damage)
             ... on level 5 of the Dungeon.
             The game lasted 00:02:01 (116 turns).

Josd the Covert (Gnoll Delver)                       Turns: 116, Time: 00:02:02

Health: -2/35      AC:  3    Str: 13    XL:     3   Next: 22%
Magic:  4/4        EV: 13    Int:  9    God:
Gold:   33         SH:  0    Dex: 13    Spells: 3/3 levels left

rFire   . . .        a - +0 spear
rCold   . . .        (no shield)
rNeg    . . .        b - +0 leather armour
rPois   .            (no helmet)
rElec   .            (no cloak)
rCorr   .            (no gloves)
SInv    .            (no boots)
Will    .....        (no amulet)
Stlth   ++++         (no ring)
HPRegen 0.25/turn    (no ring)
MPRegen 0.09/turn

%: no passive effects
@: lethally poisoned (-2 -> -6)
A: fangs 1, strong nose, distributed training
a: no special abilities


You were on level 5 of the Dungeon.
You visited 1 branch of the dungeon, and saw 1 of its levels.

You collected 33 gold pieces.

Inventory:

Hand Weapons
 a - a +0 spear (weapon)
Armour
 b - a +0 leather armour (worn)
 h - a +0 ring mail
Wands
 g - a wand of digging (3)
Scrolls
 c - a scroll of fog
 d - a scroll of magic mapping
 e - a scroll of fear
Potions
 f - a potion of haste


   Skills:
 + Level 6.5 Fighting
 + Level 0.7 Short Blades
 + Level 0.7 Long Blades
 + Level 0.7 Axes
 + Level 0.7 Maces & Flails
 + Level 4.5 Polearms
 + Level 0.7 Staves
 + Level 0.7 Ranged Weapons
 + Level 0.7 Throwing
 + Level 0.7 Armour
 + Level 4.5 Dodging
 + Level 9.5 Stealth
 + Level 0.7 Shields
 + Level 0.7 Unarmed Combat
 + Level 0.7 Spellcasting
 + Level 0.5 Conjurations
 + Level 0.5 Hexes
 + Level 0.5 Summonings
 + Level 0.5 Necromancy
 + Level 0.5 Translocations
 + Level 0.5 Transmutations
 + Level 0.5 Fire Magic
 + Level 0.5 Ice Magic
 + Level 0.5 Air Magic
 + Level 0.5 Earth Magic
 + Level 0.5 Poison Magic
 + Level 0.9 Invocations
 + Level 0.7 Evocations


You had 3 spell levels left.
You didn't know any spells.
Your spell library was empty.

Dungeon Overview and Level Annotations

Branches:
Dungeon (5/15)
 Temple: D:4-7

Altars:


Innate Abilities, Weirdness & Mutations

You have very sharp teeth.
Your uncanny sense of smell can sniff out nearby items.
Your experience applies equally to all skills.


Message History

The scorpion is severely wounded.
The scorpion misses you.
You hit the scorpion but do no damage.
You bite the scorpion, but do no damage.
The scorpion is severely wounded.
The scorpion closely misses you.
You hit the scorpion.
The scorpion is almost dead.
The scorpion misses you.
You barely miss the scorpion.
You punch the scorpion, but do no damage.
The scorpion is severely wounded.
The scorpion stings you but does no damage.
You barely miss the scorpion.
The scorpion is severely wounded.
The scorpion barely misses you.
You closely miss the scorpion.
The scorpion is severely wounded.
The scorpion stings you.
You closely miss the scorpion.
The scorpion is severely wounded.
The scorpion stings you.
You are poisoned.
The scorpion poisons you!
You hit the scorpion but do no damage.
The scorpion is severely wounded.
* * * LOW HITPOINT WARNING * * *
You feel very sick. The scorpion barely misses you.
You barely miss the scorpion.
The scorpion is severely wounded.
You feel sick. The scorpion barely misses you.
You closely miss the scorpion.
The scorpion is severely wounded.
You feel sick.
The scorpion stings you but does no damage.
You hit the scorpion but do no damage.
The scorpion is severely wounded.
You feel sick. The scorpion stings you!
You die...

###.# ..#.# .#
#.#.# .# . #.#.#
.#.#
..####.#.###.#.# ##
.......#.....#.#...
..................
........)......#
######s@.....###
#.......###.#
#...........#
######.###..# #.#
.# #.# . #.# #.#
#.# #


You could see a scorpion.

Vanquished Creatures
  A hound (D:5)
1 creature vanquished.

Notes
Turn   | Place    | Note
-------+----------+-------------------------------------------
     0 | D:5      | Reached skill level 9 in Stealth
     0 | D:5      | Josd the Gnoll Delver began the quest for the Orb.
     0 | D:5      | Reached XP level 1. HP: 23/23 MP: 1/1
    53 | D:5      | Noticed a hound
    65 | D:5      | Killed a hound
    66 | D:5      | Reached XP level 2. HP: 26/29 MP: 1/3
    66 | D:5      | Reached XP level 3. HP: 31/35 MP: 1/4
    89 | D:5      | Noticed a scorpion
   116 | D:5      | Slain by a scorpion

Illustrated notes

Levels and vault maps discovered:
D:5:      layout_basic

Skill      XL: | |
---------------+-+-----
Stealth        | |  9.5
Fighting       | |  6.5
Short Blades   | |  0.7
Long Blades    | |  0.7
Axes           | |  0.7
Maces & Flails | |  0.7
Polearms       | |  4.5
Staves         | |  0.7
Ranged Weapons | |  0.7
Throwing       | |  0.7
Armour         | |  0.7
Dodging        | |  4.5
Shields        | |  0.7
Unarmed Combat | |  0.7
Spellcasting   | |  0.7
Conjurations   | |  0.5
Hexes          | |  0.5
Summonings     | |  0.5
Necromancy     | |  0.5
Translocations | |  0.5
Transmutations | |  0.5
Fire Magic     | |  0.5
Ice Magic      | |  0.5
Air Magic      | |  0.5
Earth Magic    | |  0.5
Poison Magic   | |  0.5
Invocations    | |  0.9
Evocations     | |  0.7

Action                     || total
---------------------------++-------
  Melee: Spear             ||    32
         Bite              ||     4
         Punch             ||     1
 Armour: Leather armour    ||     3
  Dodge: Dodged            ||    20
